 Dungeon Crawl Stone Soup version 0.22.1-2-g9c5b331 (webtiles) character file.

1270 havocjr2 the Grasshopper (level 8, -3/64 HPs)
             Began as a Gnoll Warper on Dec 7, 2018.
             Was an Initiate of Sif Muna.
             Killed by divine providence
             ... invoked by an orc priest
              (13 damage)
             ... on level 6 of the Dungeon on Dec 12, 2018.
             The game lasted 00:42:06 (4611 turns).

havocjr2 the Grasshopper (Gnoll Warper)             Turns: 4611, Time: 00:42:07

Health: -3/64      AC: 12    Str: 14    XL:     8   Next: 53%
Magic:  9/17       EV:  9    Int: 17    God:    Sif Muna [......]
Gold:   344        SH:  0    Dex: 15    Spells: 9/19 levels left

rFire    + . .     SeeInvis .   a - +1 falchion
rCold    + + .     Gourm    .   (no shield)
rNeg     + . .     Faith    .   k - +1 chain mail {rC+}
rPois    .         Spirit   .   (no helmet)
rElec    .         Reflect  .   y - scarf {rC+ rF+}
rCorr    .         Harm     .   (no gloves)
MR       .....                  (no boots)
Stlth    ..........             r - amulet of regeneration
HPRegen  0.60/turn              g - +2 ring of protection
MPRegen  0.15/turn              t - ring of positive energy

@: very slightly contaminated
A: distributed training, fangs 1, strong nose
a: Renounce Religion


You were on level 6 of the Dungeon.
You worshipped Sif Muna.
Sif Muna was noncommittal.
You were very hungry.

You visited 2 branches of the dungeon, and saw 7 of its levels.

You collected 344 gold pieces.

Inventory:

Hand Weapons
 a - a +1 falchion (weapon)
Missiles
 e - 3 tomahawks of dispersal
 m - 7 poisoned needles (quivered)
 q - 4 needles of sleeping
 s - 88 stones
 u - 3 tomahawks
Armour
 b - a +0 leather armour
 k - a +1 chain mail of cold resistance (worn)
 y - a scarf of resistance (worn)
 C - a scarf of spirit shield
Magical Staves
 i - an uncursed staff of wizardry
Jewellery
 g - a +2 ring of protection (left hand)
 r - an amulet of regeneration (around neck)
 t - a ring of positive energy (right hand)
 B - an uncursed ring of teleportation
Wands
 H - a wand of polymorph (21)
Scrolls
 c - 2 scrolls of magic mapping
 d - a scroll of blinking
 h - 2 scrolls of teleportation
 j - a scroll of amnesia
 v - a scroll of identify
 w - a scroll of noise {unknown}
 A - 3 scrolls of enchant armour
 E - a scroll of holy word {unknown}
 F - a scroll of remove curse
Potions
 l - 4 potions of curing
 n - 2 potions of heal wounds {unknown}
 o - a potion of lignification {unknown}
 p - 2 potions of resistance {unknown}
 x - 2 potions of brilliance {unknown}
 z - 2 potions of agility {unknown}
 D - a potion of ambrosia {unknown}
 G - 2 potions of might {unknown}
Comestibles
 f - 9 rations


   Skills:
 + Level 5.7 Fighting
 + Level 3.3 Short Blades
 + Level 5.7 Long Blades
 + Level 3.3 Axes
 + Level 3.3 Maces & Flails
 + Level 3.3 Polearms
 + Level 3.3 Staves
 + Level 3.3 Slings
 + Level 3.3 Bows
 + Level 3.3 Crossbows
 + Level 4.2 Throwing
 + Level 4.2 Armour
 + Level 5.7 Dodging
 + Level 3.3 Stealth
 + Level 3.3 Shields
 + Level 3.3 Unarmed Combat
 + Level 6.0 Spellcasting
 + Level 2.6 Conjurations
 + Level 2.6 Hexes
 + Level 2.6 Charms
 + Level 2.6 Summonings
 + Level 2.6 Necromancy
 + Level 6.1 Translocations
 + Level 2.6 Transmutations
 + Level 2.6 Fire Magic
 + Level 2.6 Ice Magic
 + Level 2.6 Air Magic
 + Level 2.6 Earth Magic
 + Level 2.6 Poison Magic
 + Level 3.6 Invocations
 + Level 3.3 Evocations


You had 9 spell levels left.
You knew the following spells:

 Your Spells              Type           Power        Failure   Level  Hunger
a - Blink                 Tloc           N/A          34%         2    None
b - Shroud of Golubria    Chrm/Tloc      ###.......   56%         2    None
c - Gell's Gravitas       Tloc           ####......   56%         3    ##.....
d - Lesser Beckoning      Tloc           ####......   56%         3    ##.....

Your spell library contained the following spells:

 Spells                   Type           Power        Failure   Level  Hunger
 Teleport Other           Tloc           ####....     56%         3    ##.....
 Passage of Golubria      Tloc           N/A          92%         4    ####...


Dungeon Overview and Level Annotations

Branches:
Dungeon (6/15)             Temple (1/1) D:5

Altars:
Cheibriados
Dithmenos
Hepliaklqana
Makhleb
Nemelex Xobeh
Okawaru
Qazlal
Ru
Sif Muna
Uskayaw
Xom
Yredelemnul
The Shining One
Lugonu

Annotations:
D:2 Crazy Yiuf
D:3 2 transporters, buskinjo's ghost, amateur DsFE
D:6 1 runed door, RoboWizard's ghost, novice DrWz


Innate Abilities, Weirdness & Mutations

Your experience applies equally to all skills.
You have very sharp teeth.
Your uncanny sense of smell can sniff out nearby items.


Message History

It is a scroll of identify.
l - 5 potions of curing The orc priest mumbles some strange prayers to Beogh against you.
Beogh smites you!
* * * LOW HITPOINT WARNING * * *
You feel better. The kobold closely misses you.
The kobold hits you but does no damage.
The orc priest looks braver for a moment.
The kobold hits you but does no damage. The kobold closely misses you.
You riposte.
You hit the kobold.
You kill the kobold!
Sif Muna accepts your kill.
A gnoll comes into view. It is wielding a whip of pain.
Things that are here:
a wand of flame (23); a kobold corpse You are feeling very hungry.
You closely miss the orc priest.
The orc priest invokes the aid of Beogh against you.
Beogh smites you!
You die...

#......# #......#
...# #......# ...#
#......# ...
##.)....# ..
##.......# .#
#.[.######
###########.#####..##
#...........##..@..#
...........###.##o##
#.....?.g..)g).g.g#
#.....#########.###
.!....#.$.# #.#
....o.#.≈.# #.#
......#.≈.# #.#
.K....#.≈.# ###.####
.!.o#.#.≈.# #......#


You could see an orc priest and 2 gnolls.

Vanquished Creatures
  Pikel (D:3)
  Sigmund (D:2)
  A slave (D:3)
  A phantom (D:4)
  A centaur (D:5)
  2 scorpions
  A crimson imp (D:5)
  3 orc priests
  2 hounds
  A bullfrog skeleton (D:5)
  Terence (D:2)
  A worker ant (D:4)
  A worker ant zombie (D:6)
  7 adders
  An ooze (D:3)
  3 worms
  A dart slug (D:1)
  2 leopard geckos
  10 orcs
  5 bats
  4 giant cockroaches
  7 goblins
  11 hobgoblins
  11 kobolds
  A quokka (D:2)
  2 ball pythons
  9 frilled lizards
  A leopard gecko skeleton (D:5)
  13 rats
  A spectral orc (D:5)
106 creatures vanquished.

Notes
Turn   | Place    | Note
-------+----------+-------------------------------------------
     0 | D:1      | havocjr2 the Gnoll Warper began the quest for the Orb.
     0 | D:1      | Reached XP level 1. HP: 20/20 MP: 6/6
     5 | D:1      | Noticed an electric eel
     7 | D:1      | Noticed an electric eel
   106 | D:1      | Reached XP level 2. HP: 26/26 MP: 7/7
   128 | D:1      | Learned a level 2 spell: Blink
   131 | D:1      | Learned a level 2 spell: Shroud of Golubria
   500 | D:1      | Reached XP level 3. HP: 31/31 MP: 9/9
   526 | D:1      | Reached skill level 5 in Spellcasting
   741 | D:2      | Reached skill level 1 in Short Blades
   741 | D:2      | Reached skill level 1 in Axes
   741 | D:2      | Reached skill level 1 in Maces & Flails
   741 | D:2      | Reached skill level 1 in Polearms
   741 | D:2      | Reached skill level 1 in Staves
   741 | D:2      | Reached skill level 1 in Slings
   741 | D:2      | Reached skill level 1 in Bows
   741 | D:2      | Reached skill level 1 in Crossbows
   741 | D:2      | Reached skill level 1 in Stealth
   741 | D:2      | Reached skill level 1 in Shields
   741 | D:2      | Reached skill level 1 in Unarmed Combat
   741 | D:2      | Reached skill level 1 in Invocations
   741 | D:2      | Reached skill level 1 in Evocations
   741 | D:2      | Reached XP level 4. HP: 12/38 MP: 11/11
   991 | D:2      | Learned a level 3 spell: Gell's Gravitas
  1127 | D:2      | Noticed Terence
  1134 | D:2      | Learned a level 3 spell: Lesser Beckoning
  1147 | D:2      | Killed Terence
  1147 | D:2      | Reached skill level 1 in Conjurations
  1147 | D:2      | Reached skill level 1 in Hexes
  1147 | D:2      | Reached skill level 1 in Charms
  1147 | D:2      | Reached skill level 1 in Summonings
  1147 | D:2      | Reached skill level 1 in Necromancy
  1147 | D:2      | Reached skill level 1 in Transmutations
  1147 | D:2      | Reached skill level 1 in Fire Magic
  1147 | D:2      | Reached skill level 1 in Ice Magic
  1147 | D:2      | Reached skill level 1 in Air Magic
  1147 | D:2      | Reached skill level 1 in Earth Magic
  1147 | D:2      | Reached skill level 1 in Poison Magic
  1222 | D:2      | Reached XP level 5. HP: 41/43 MP: 12/12
  1233 | D:2      | Noticed Sigmund
  1270 | D:2      | Killed Sigmund
  1270 | D:2      | Reached XP level 6. HP: 11/50 MP: 13/13
  1510 | D:2      | Found a shadowy altar of Dithmenos.
  1677 | D:2      | Found a runed door.
  1683 | D:2      | Noticed Crazy Yiuf
  1701 | D:2      | HP: 2/50 [Crazy Yiuf/quarterstaff of chaos (2)]
  2089 | D:3      | Reached skill level 5 in Fighting
  2089 | D:3      | Reached skill level 5 in Long Blades
  2089 | D:3      | Reached skill level 5 in Dodging
  2112 | D:3      | Found a transporter.
  2132 | D:3      | Found a transporter.
  2132 | D:3      | Noticed buskinjo's ghost (amateur DsFE)
  2173 | D:3      | Found a sacrificial altar of Ru.
  2174 | D:3      | Found a deep blue altar of Sif Muna.
  2191 | D:3      | Became a worshipper of Sif Muna the Loreminder
  2749 | D:4      | Noticed a phantom
  2779 | D:4      | Killed a phantom
  2779 | D:4      | Reached XP level 7. HP: 26/56 MP: 15/15
  3019 | D:4      | Noticed Pikel
  3151 | D:3      | Killed Pikel
  3151 | D:3      | Reached XP level 8. HP: 25/63 MP: 16/16
  3502 | D:5      | Entered Level 5 of the Dungeon
  3966 | D:5      | Found a hide-covered altar of Uskayaw.
  3980 | D:5      | Found a basalt altar of Yredelemnul.
  4300 | D:5      | Found a staircase to the Ecumenical Temple.
  4310 | Temple   | Entered the Ecumenical Temple
  4500 | D:6      | Found a runed door.
  4520 | D:6      | Noticed RoboWizard's ghost (novice DrWz)
  4605 | D:6      | HP: 1/64 [orc priest/divine providence (17)]
  4611 | D:6      | Killed from afar by an orc priest

Skill      XL: |  1  2  3  4  5  6  7  8 |
---------------+-------------------------+-----
Spellcasting   | 5 6 |  6.0
Short Blades   | 1 2 3 |  3.3
Axes           | 1 2 3 |  3.3
Maces & Flails | 1 2 3 |  3.3
Polearms       | 1 2 3 |  3.3
Staves         | 1 2 3 |  3.3
Slings         | 1 2 3 |  3.3
Bows           | 1 2 3 |  3.3
Crossbows      | 1 2 3 |  3.3
Stealth        | 1 2 3 |  3.3
Shields        | 1 2 3 |  3.3
Unarmed Combat | 1 2 3 |  3.3
Invocations    | 1 2 3 |  3.6
Evocations     | 1 2 3 |  3.3
Conjurations   | 1 2 |  2.6
Hexes          | 1 2 |  2.6
Charms         | 1 2 |  2.6
Summonings     | 1 2 |  2.6
Necromancy     | 1 2 |  2.6
Transmutations | 1 2 |  2.6
Fire Magic     | 1 2 |  2.6
Ice Magic      | 1 2 |  2.6
Air Magic      | 1 2 |  2.6
Earth Magic    | 1 2 |  2.6
Poison Magic   | 1 2 |  2.6
Throwing       | 3 4 |  4.2
Armour         | 3 4 |  4.2
Fighting       | 5 |  5.7
Long Blades    | 5 |  5.7
Dodging        | 5 |  5.7
Translocations | 6 |  6.1

Action                   |  1- 3 |  4- 6 |  7- 9 || total
-------------------------+-------+-------+-------++-------
Melee: Falchion          |    96 |   195 |   165 ||   456
       Bite              |     7 |    24 |    23 ||    54
       Punch             |       |     2 |       ||     2
Throw: Tomahawk          |     2 |       |       ||     2
 Cast: Shroud of Golubri |       |     8 |     5 ||    13
       Gell's Gravitas   |       |     4 |     2 ||     6
       Lesser Beckoning  |       |     1 |       ||     1
       Blink             |       |     3 |     1 ||     4
  Use: Scroll            |     2 |     3 |     2 ||     7
       Potion            |       |       |     1 ||     1
 Stab: Sleeping          |       |     8 |       ||     8
  Eat: Chunk             |       |     7 |     2 ||     9
       Ration            |       |       |     1 ||     1
Armor: Leather armour    |    29 |    35 |    16 ||    80
       Chain mail        |       |       |    50 ||    50
Dodge: Dodged            |    78 |   126 |   102 ||   306
       Rpst.: Falchion   |    20 |    40 |    30 ||    90
